 Dungeon Crawl Stone Soup version 0.28.0 (webtiles) character file.

Game seed: 1824541324135616171

997 Barbarella the Cudgeller (level 7, -5/54 HPs)
             Began as a Minotaur Berserker on Feb 6, 2022.
             Was a Believer of Trog.
             Slain by a scorpion (6 damage)
             ... on level 5 of the Dungeon.
             The game lasted 00:07:15 (6133 turns).

Barbarella the Cudgeller (Minotaur Berserker)       Turns: 6133, Time: 00:07:15

Health: -5/54      AC:  9    Str: 23    XL:     7   Next: 99%
Magic:  6/6        EV:  8    Int:  2    God:    Trog [**....]
Gold:   105        SH: 11    Dex: 10    Spells: 6/6 levels left

rFire   . . .      SeeInvis .   a - +0 mace
rCold   . . .      Faith    .   s - +0 tower shield
rNeg    . . .      Spirit   .   b - +1 ring mail {rPois}
rPois   +          Reflect  .   (helmet restricted)
rElec   .          Harm     .   (no cloak)
rCorr   .          Rampage  .   o - +0 pair of gloves
Will    .....                   (no boots)
Stlth   +.........              (no amulet)
HPRegen 0.18/turn               (no ring)
MPRegen 0.10/turn               (no ring)

@: lit by a corona, on berserk cooldown, attractive, slowed, glowing, very slow
A: horns 2, retaliatory headbutt, dopey 1, frail 1, shaggy fur 1
a: Renounce Religion, Berserk, Trog's Hand


You were on level 5 of the Dungeon.
You worshipped Trog.
Trog was pleased with you.
You visited 1 branch of the dungeon, and saw 5 of its levels.

You collected 301 gold pieces.
You spent 196 gold pieces at shops.

Inventory:

Hand Weapons
 a - a +0 mace (weapon)
 k - a +0 dagger
Missiles
 g - 2 poisoned darts (quivered)
 h - 88 stones
 i - 6 javelins
 j - 3 boomerangs
Armour
 b - a +1 ring mail of poison resistance (worn)
 o - a +0 pair of gloves (worn)
 s - a +0 tower shield (worn)
 B - a +0 chain mail
Jewellery
 f - a ring of protection from cold
 r - an amulet of magic regeneration
Scrolls
 c - 6 scrolls of identify {unknown}
 p - 3 scrolls of teleportation {unknown}
 q - a scroll of magic mapping {unknown}
 u - 4 scrolls of enchant armour {unknown}
 x - a scroll of fog {unknown}
 y - a scroll of vulnerability {unknown}
 A - 2 scrolls of enchant weapon {unknown}
Potions
 d - a potion of cancellation {unknown}
 e - a potion of mutation
 l - a potion of brilliance {unknown}
 m - a potion of attraction
 n - a potion of resistance {unknown}
 t - a potion of lignification {unknown}
 v - a potion of berserk rage
 w - a potion of experience {unknown}
 z - a potion of degeneration {unknown}


   Skills:
 + Level 5.5 Fighting
 * Level 7.0 Maces & Flails
 + Level 2.4 Throwing
 + Level 4.6 Armour
 + Level 4.0 Dodging
 + Level 2.6 Stealth
 + Level 2.9 Shields


You had 6 spell levels left.
You didn't know any spells.
Your spell library was empty.

Dungeon Overview and Level Annotations

Branches:
Dungeon (5/15)             Temple (0/1) D:5

Altars:
Cheibriados
Dithmenos
Kikubaaqudgha
Nemelex Xobeh
Okawaru
Ru
Sif Muna
Trog
Yredelemnul

Shops:
D:1 ?   D:2 *

Annotations:
D:5 Dowan


Innate Abilities, Weirdness & Mutations

You have a pair of horns on your head.
You reflexively headbutt those who attack you in melee.
You are dopey. (Int -2)
You are frail. (-10% HP)
You are covered in fur. (AC +1)


Message History

You hit Duvessa but do no damage. You headbutt Duvessa.
You kill Duvessa!
Trog accepts your kill.
Dowan screams, "No!
No!"
Dowan seems to find hidden reserves of power!
You feel sick.
Dowan casts a spell.
Dowan blinks!
You block the scorpion's attack.
The hound zombie bites you but does no damage.
The scorpion stings you.
* * * LOW HITPOINT WARNING * * *
The hound zombie closely misses you. You block the scorpion's attack.
You block the hound zombie's attack.
Your Maces & Flails skill increases to level 7!
Your Dodging skill increases to level 4!
It was a potion of mutation.
You feel extremely strange.
You feel frail.
You feel stupid. Fur sprouts all over your body.
You feel sick. The scorpion stings you.
* * * LOW HITPOINT WARNING * * *
The hound zombie bites you.
* * * LOW HITPOINT WARNING * * *
You block Dowan's attack. You block the scorpion's attack.
You block the hound zombie's attack.
It was a potion of attraction.
You feel attractive to monsters.
You feel sick.
You are no longer poisoned.
Dowan mumbles some strange words.
Dowan blinks!
The hound zombie bites you.
* * * LOW HITPOINT WARNING * * *
The scorpion stings you!
* * * LOW HITPOINT WARNING * * *
The hound zombie bites you but does no damage.
Dowan is attracted toward you.
It was a potion of berserk rage.
You're still recovering from your berserk rage.
The scorpion stings you but does no damage.
You block Dowan's attack. The hound zombie barely misses you.
The scorpion stings you.
You die...

#......# #......#
############......#####
#......................
#......................
#................P.P...
#............#####.##..
#......Z.......P#...#P.
#<....@).....#....>....
#....es......##P#...#P.
#............#####.##..
#..[.........# #P.P..#
#.ยง..........# ##...##
#............# ####
#............#
#...........)#


You could see Dowan (fast), a scorpion and a hound zombie.

Vanquished Creatures
  A water moccasin (D:5)
  Duvessa (D:5)
  An ice beast (D:4)
  A centaur (D:5)
  2 ogres
  2 scorpions (D:4)
  A jelly (D:5)
  A hound (D:5)
  A centaur skeleton (D:4)
  An orc wizard (D:4)
  A howler monkey zombie (D:5)
  2 howler monkey skeletons
  A gnoll (D:1)
  5 adders
  2 worms
  4 dart slugs
  14 orcs
  10 ball pythons
  6 endoplasms
  4 giant cockroaches
  7 hobgoblins
  3 jackals
  6 kobolds
  4 quokkas
  4 bats
  2 frilled lizards (D:3)
  14 goblins
  A quokka skeleton (D:4)
  8 rats
110 creatures vanquished.

Notes
Turn   | Place    | Note
-------+----------+-------------------------------------------
     0 | D:1      | Barbarella the Minotaur Berserker began the quest for the
                  | Orb.
     0 | D:1      | Reached XP level 1. HP: 19/19 MP: 0/0
   278 | D:1      | Reached XP level 2. HP: 19/27 MP: 1/1
   391 | D:1      | Reached skill level 4 in Maces & Flails
   910 | D:1      | You fall into a shaft and drop 1 floor!
   910 | D:2      | Found a faded altar of an unknown god.
   916 | D:2      | Reached XP level 3. HP: 26/33 MP: 2/2
   916 | D:2      | Found Vaseva Goso's Assorted Antiques.
  1209 | D:2      | Reached skill level 1 in Stealth
  1516 | D:2      | Reached ** piety under Trog
  1517 | D:2      | Reached XP level 4. HP: 40/40 MP: 3/3
  2168 | D:1      | Found Xumeyqe's Magic Scroll Boutique.
  2537 | D:3      | Found a shimmering blue altar of Sif Muna.
  2537 | D:3      | Found a snail-covered altar of Cheibriados.
  2541 | D:3      | Found a basalt altar of Yredelemnul.
  2541 | D:3      | Found an iron altar of Okawaru.
  2541 | D:3      | Found a shadowy altar of Dithmenos.
  2542 | D:3      | Found a bloodstained altar of Trog.
  2612 | D:3      | Reached skill level 5 in Maces & Flails
  2978 | D:3      | Found a sacrificial altar of Ru.
  3041 | D:3      | Identified the +1 robe "Dexzuc" {Dex+3}
  3201 | D:4      | Noticed a scorpion
  3210 | D:4      | Killed a scorpion
  3211 | D:4      | Reached XP level 5. HP: 42/47 MP: 4/4
  3589 | D:4      | Noticed an ogre
  3595 | D:4      | Killed an ogre
  3596 | D:4      | Reached skill level 1 in Throwing
  3596 | D:4      | Reached skill level 1 in Shields
  3596 | D:4      | Reached XP level 6. HP: 53/53 MP: 5/5
  3743 | D:4      | Noticed an ice beast
  3749 | D:4      | Killed an ice beast
  3917 | D:4      | Reached skill level 6 in Maces & Flails
  4041 | D:4      | Found an ancient bone altar of Kikubaaqudgha.
  4108 | D:4      | Reached *** piety under Trog
  4136 | D:4      | Reached skill level 5 in Fighting
  4342 | D:4      | Reached XP level 7. HP: 47/61 MP: 6/6
  5221 | D:2      | Bought a glowing ring mail for 196 gold pieces
  5319 | D:5      | Entered Level 5 of the Dungeon
  5749 | D:5      | Found a sparkling altar of Nemelex Xobeh.
  5970 | D:5      | Found a staircase to the Ecumenical Temple.
  6112 | D:5      | Noticed Duvessa
  6116 | D:5      | Noticed Dowan
  6130 | D:5      | Killed Duvessa
  6131 | D:5      | Reached skill level 7 in Maces & Flails
  6131 | D:5      | Gained mutation: You are frail. (-10% HP) [potion of
                  | mutation]
  6131 | D:5      | Gained mutation: You are dopey. (Int -2) [potion of
                  | mutation]
  6131 | D:5      | Gained mutation: You are covered in fur. (AC +1) [potion of
                  | mutation]
  6132 | D:5      | HP: 1/54 [scorpion (7)]
  6133 | D:5      | Slain by a scorpion

Illustrated notes

Levels and vault maps discovered:
D:1:      dpeg_arrival_houses_and_road, layout_loops_corners, serial_shops,
          nicolae_shop_advertising_works [nicolae_subvault_shop_adworks]
D:2:      layout_basic, chequers_ecumenical_altar_simple_redux, serial_shops,
          shop
D:3:      layout_basic, lemuel_coloured_pillars_altar,
          grunt_temple_overflow_open, minmay_fractal_squares_diagonal_5
D:4:      minmay_chambers_of_twos, layout_loops_ring, kiku_gazebo_garden_becter,
          kennysheep_generic_room_2
D:5:      layout_basic, lemuel_tele_altar, nicolae_overflow_hidden_temple,
          minmay_temple_entry_gardened_gates, grunt_tough_drop, uniq_duvessa,
          uniq_pikel

Skill      XL: |  1  2  3  4  5  6  7 |
---------------+----------------------+-----
Maces & Flails | 4 5 6 7 |  7.0
Fighting       | 4 5 |  5.5
Stealth        | 1 2 |  2.6
Armour         | 3 4 |  4.6
Dodging        | 3 4 |  4.0
Throwing       | 1 2 |  2.4
Shields        | 1 2 |  2.9

Action                   |  1- 3 |  4- 6 |  7- 9 || total
-------------------------+-------+-------+-------++-------
Melee: Mace              |    66 |   142 |    47 ||   255
       Headbutt          |     9 |    27 |     9 ||    45
       Punch             |     1 |       |       ||     1
Invok: Berserk           |     1 |     4 |     2 ||     7
  Use: Potion            |       |       |     3 ||     3
 Stab: Sleeping          |       |     2 |     1 ||     3
Armor: Animal skin       |     8 |    31 |     1 ||    40
       Ring mail         |       |       |    24 ||    24
Dodge: Dodged            |    49 |    61 |    26 ||   136
Block: Tower shield      |       |    61 |    39 ||   100
